 Dungeon Crawl Stone Soup version 0.30.1-1-g62c8e00024 (webtiles) character file.

Game seed: 16397793005583973673

15398 Norrock the Grappler (level 12, 0/94 HPs)
             Began as a Grey Draconian Transmuter on July 16, 2023.
             Was a Priest of Qazlal.
             Slain by a blink frog (8 damage)
             ... on level 3 of the Lair of Beasts.
             The game lasted 01:34:49 (13249 turns).

Norrock the Grappler (Grey Draconian Transmuter)   Turns: 13249, Time: 01:34:49

Health: 0/94       AC: 17    Str: 14    XL:     12   Next: 0%
Magic:  18/18      EV: 12    Int: 27    God:    Qazlal [***...]
Gold:   832        SH:  4    Dex: 10    Spells: 7/19 levels left

rFire   + .          .
                       - Unarmed
rCold   + . .        (no shield)
rNeg    . . .        (body armour unavailable)
rPois   +            (helmet restricted)
rElec   +            h - scarf {repulsion}
rCorr   +            (no gloves)
SInv    .            (no boots)
Will    .....        (no amulet)
Stlth   +            v - +4 ring of protection
HPRegen 0.35/turn    t - +6 ring of intelligence
MPRegen 0.16/turn

%: repel missiles
@: about to teleport, resistant
A: AC +13, amphibious, unfitting armour, cold-blooded, talons 1, camouflage 1,
clever 1
a: Renounce Religion, Upheaval, Elemental Force


You were on level 3 of the Lair of Beasts.
You worshipped Qazlal.
Qazlal was most pleased with you.
You visited 3 branches of the dungeon, and saw 14 of its levels.
You visited the Abyss 1 time.

You collected 832 gold pieces.

Inventory:

Missiles
 g - 2 throwing nets
 B - a curare-tipped dart
Armour
 h - a scarf of repulsion (worn)
Jewellery
 d - a ring of fire
 e - a +4 ring of slaying
 q - a ring of willpower
 r - a ring of willpower
 t - a +6 ring of intelligence (right hand)
 v - a +4 ring of protection (left hand)
 A - a ring of poison resistance
Wands
 s - a wand of light (3)
 D - a wand of iceblast (22)
 F - a wand of mindburst (11)
Scrolls
 b - 2 scrolls of teleportation
 o - a scroll of identify
 y - 3 scrolls of enchant weapon
 E - 2 scrolls of fog
 H - a scroll of poison
Potions
 a - 4 potions of lignification
 c - a potion of flight
 f - 2 potions of might
 l - 3 potions of mutation
 m - 2 potions of cancellation
 w - a potion of magic
 z - 4 potions of brilliance


   Skills:
 - Level 5.2 Fighting
 - Level 1.7 Dodging
 + Level 13.3 Unarmed Combat
 * Level 4.1 Spellcasting
 * Level 12.1 Summonings
 - Level 6.0 Transmutations


You had 7 spell levels left.
You knew the following spells:

 Your Spells              Type           Power      Damage    Failure   Level
a - Beastly Appendage     Tmut           74%        N/A       1%          1
b - Wereblood             Tmut           37%        N/A       1%          2
c - Call Imp              Summ           100%       N/A       1%          2
d - Summon Hydra          Summ           31%        N/A       41%         7

Your spell library contained the following spells:

 Spells                   Type           Power      Damage    Failure   Level
 Passwall                 Tmut/Erth      17%        N/A       3%          2
 Summon Lightning Spire   Summ/Air       38%        N/A       6%          4
 Spider Form              Tmut/Pois      21%        N/A       7%          3
 Magic Dart               Conj           20%        1d4       8%          1
 Necrotise                Necr           20%        1d5       8%          1
 Ignite Poison            Fire/Tmut/Pois 16%        N/A       11%         3
 Ensorcelled Hibernation  Hex/Ice        10%        N/A       12%         2
 Static Discharge         Conj/Air       10%        2-3/arc   12%         2
 Sublimation of Blood     Necr           5%         N/A       12%         2
 Ice Form                 Ice/Tmut       21%        N/A       22%         4
 Inner Flame              Hex/Fire       5%         N/A       24%         3
 Mephitic Cloud           Conj/Pois/Air  5%         N/A       24%         3
 Swiftness                Air            5%         N/A       24%         3
 Vampiric Draining        Necr           5%         2d6       24%         3
 Airstrike                Air            2%         2d(1-17)  61%         4
 Flame Wave               Conj/Fire      5%         2d5       61%         4
 Sticky Flame             Conj/Fire      5%         2d3       61%         4
 Agony                    Necr           5%         N/A       91%         5
 Haunt                    Necr/Summ      19%        N/A       99%         7
 Malign Gateway           Summ/Tloc      19%        N/A       99%         7
 Ignition                 Fire           2%         3d3       100%        8


Dungeon Overview and Level Annotations

Branches:
Dungeon (10/15)            Temple (1/1) D:4            Lair (3/5) D:8
 Shoals (0/4) Lair:2
  Snake: Lair:2-3    Spider: Lair:2-3       Orc: D:9-12

Altars:
Ashenzari
Cheibriados
Dithmenos
Elyvilon
Fedhas
Gozag
Hepliaklqana
Kikubaaqudgha
Makhleb
Nemelex Xobeh
Okawaru
Qazlal
Ru
Trog
Uskayaw
Vehumet
Wu Jian
Xom
Yredelemnul
Zin
The Shining One

Annotations:
D:10 Lodul
Lair:1 3 runed translucent doors, Pepete's ghost, journeyman DrFE
Lair:2 Amaemon


Innate Abilities, Weirdness & Mutations

Your dull iron-grey scales are very hard. (AC +13)
You are amphibious.
You cannot fit into any form of body armour.
You are cold-blooded and may be slowed by cold attacks.
You have sharp toenails.
Your skin changes colour to match your surroundings (Stealth+).
Your mind is acute. (Int +4, Str/Dex -1)


Message History

You feel invigorated.
You feel sick.
The blink frog gives a loud, deep croak!
The blink frog croaks.
The yak closely misses you.
Your magical effects are unravelling.
You feel magically purged.
You feel less invigorated.
You flicker back into view.
You feel less confused.
Your primal bloodlust has ended.
You feel sick.
The yak bellows!
The blink frog gives a loud, deep croak! x2
The blink frog closely misses you. The yak closely misses you.
The blink frog attacks as you move away!
The blink frog hits you.
* * * LOW HITPOINT WARNING * * *
The blink frog attacks as you move away!
The blink frog barely misses you.
You feel sick.
You hear a loud, deep croak!
You hear a bellow!
The bullfrog releases a deep croak.
The blink frog blinks!
You block the blink frog's attack.
Found a leather armour.
You feel sick.
The blink frog attacks as you move away!
You block the blink frog's attack.
The blink frog attacks as you move away!
The blink frog hits you.
* * * LOW HITPOINT WARNING * * *
You feel sick.
You are no longer poisoned.
You hear a loud, deep croak!
The blink frog blinks!
You hear a bellow!
As you read the scroll of teleportation, it crumbles to dust.
You feel strangely unstable.
You hear a bellow!
You hear an angry hiss.
You block the blink frog's attack.
The blink frog hits you but does no damage.
A yak comes into view.
You feel protected. The blink frog hits you!
You die...

..... #...[
#...P #...#
#...## #.#..#
#...## # #@...#
#.#FFYP#
#.lFYF##
###....###
#........# #
#......#.#.# #
.............# .
.FF..!#####.Y..#
# ..#### ..P..


You could see a komodo dragon, 3 yaks, 3 blink frogs and a bullfrog.

Vanquished Creatures
  Erolcha (D:9)
  A two-headed ogre (D:9)
  4 harpies (Lair:2)
  The ghost of pogojo the Ogre Mage, a novice OgVM (D:6)
  Pikel (D:8)
  A black mamba (Lair:1)
  Joseph (D:7)
  2 rime drakes
  2 cane toads
  A komodo dragon (Lair:2)
  An unseen horror skeleton (D:6)
  2 trolls
  3 polar bears (Lair:1)
  Prince Ribbit (D:5)
  A wyvern (Lair:1)
  A wraith (D:10)
  2 basilisks (Lair:1)
  10 yaks
  A water moccasin (D:9)
  Duvessa (D:5)
  6 orc warriors
  An ice beast (D:8)
  2 sky beasts
  2 black bears (D:6)
  6 ogres
  A centaur (D:9)
  2 phantoms
  A lemure (D:7)
  Blork the orc (D:4)
  3 bullfrogs
  12 wights
  Dowan (D:5)
  10 killer bees
  An electric eel (D:8)
  5 howler monkeys
  2 spectral centaurs (D:6)
  4 jellies
  4 hounds
  A gnoll bouda (D:9)
  Ijyb (D:4)
  2 sleepcaps
  An iguana (D:6)
  6 orc wizards
  3 gnolls (D:9)
  7 adders
  A howler monkey skeleton (D:6)
  A white imp (D:7)
  An ufetubus (Abyss:2)
  3 worms
  4 dart slugs
  39 orcs
  7 ball pythons
  2 endoplasms (D:1)
  4 giant cockroaches
  6 goblins
  4 hobgoblins
  6 quokkas
  4 bats
  4 frilled lizards
  5 kobolds
  7 rats
  A spectral orc (D:6)
222 creatures vanquished.

Vanquished Creatures (collateral kills)
  An ogre mage (D:10)
  A two-headed ogre (D:8)
  A komodo dragon (D:8)
  A meliai (D:8)
  Menkaure (D:6)
  An orc (D:8)
6 creatures vanquished.

Vanquished Creatures (others)
  An orc wizard (D:9)
1 creature vanquished.

Grand Total: 229 creatures vanquished

Notes
Turn   | Place    | Note
-------+----------+-------------------------------------------
     0 | D:1      | Norrock the Draconian Transmuter began the quest for the
                  | Orb.
     0 | D:1      | Reached XP level 1. HP: 16/16 MP: 3/3
   147 | D:1      | Reached XP level 2. HP: 23/23 MP: 3/5
   892 | D:2      | Reached XP level 3. HP: 27/29 MP: 4/6
   972 | D:2      | Learned a level 2 spell: Wereblood
  1830 | D:3      | Reached XP level 4. HP: 36/36 MP: 3/7
  1834 | D:3      | Noticed an ogre
  1839 | D:3      | Killed an ogre
  1840 | D:3      | Reached XP level 5. HP: 44/44 MP: 4/9
  1861 | D:3      | Found a radiant altar of Vehumet.
  1940 | D:3      | Found a faded altar of an unknown god.
  2144 | D:3      | Found a broken altar of Ashenzari.
  2441 | D:3      | Reached skill level 4 in Unarmed Combat
  2684 | D:4      | Found an ornate altar of the Wu Jian Council.
  2717 | D:4      | Found a staircase to the Ecumenical Temple.
  2720 | D:4      | Noticed a phantom
  2723 | Temple   | Entered the Ecumenical Temple
  2748 | Temple   | Became a worshipper of Qazlal Stormbringer
  2776 | D:4      | Killed a phantom
  2777 | D:4      | Reached XP level 6. HP: 22/51 MP: 8/11
  2892 | D:4      | Noticed Ijyb
  2903 | D:4      | Killed Ijyb
  3188 | D:4      | Noticed Blork the orc
  3206 | D:4      | Killed Blork the orc
  3288 | D:4      | Found a bloodstained altar of Trog.
  3579 | D:5      | Entered Level 5 of the Dungeon
  3908 | D:5      | Your scales start taking on a dull iron-grey colour.
  3908 | D:5      | Reached XP level 7. HP: 56/59 MP: 9/12
  3916 | D:5      | Gained mutation: Your mind is acute. (Int +4, Str/Dex -1)
                  | [potion of mutation]
  3916 | D:5      | Gained mutation: Your skin changes colour to match your
                  | surroundings (Stealth+). [potion of mutation]
  3916 | D:5      | Gained mutation: You have claws for feet. [potion of
                  | mutation]
  3957 | D:5      | Noticed Prince Ribbit
  3981 | D:5      | Killed Prince Ribbit
  3982 | D:5      | Reached skill level 5 in Unarmed Combat
  4714 | D:5      | Noticed Duvessa
  4716 | D:5      | Noticed Dowan
  4736 | D:5      | Killed Duvessa
  4737 | D:5      | Reached skill level 5 in Transmutations
  4745 | D:5      | Killed Dowan
  4746 | D:5      | Reached skill level 5 in Fighting
  4864 | D:6      | Learned a level 2 spell: Call Imp
  4874 | D:6      | Found a shadowy altar of Dithmenos.
  4942 | D:6      | Reached XP level 8. HP: 68/68 MP: 9/14
  4983 | D:6      | Found a sacrificial altar of Ru.
  5025 | D:6      | Reached skill level 1 in Summonings
  5058 | D:6      | Noticed Menkaure
  5072 | D:6      | Killed Menkaure
  5073 | D:6      | Reached skill level 6 in Unarmed Combat
  5352 | D:6      | Found a runed translucent gate.
  5352 | D:6      | Found a runed translucent gate.
  5352 | D:6      | Found a runed translucent gate.
  5385 | D:6      | Noticed pogojo's ghost (novice OgVM)
  5526 | D:6      | Learned a level 7 spell: Summon Hydra
  5625 | D:6      | Reached * piety under Qazlal
  5633 | D:6      | Reached skill level 7 in Unarmed Combat
  5798 | D:6      | Found a hazy altar of Hepliaklqana.
  5892 | D:7      | Found a shimmering altar of Xom.
  5950 | D:7      | Found the +18 Lear's hauberk
  6048 | D:7      | Reached XP level 9. HP: 74/74 MP: 12/15
  6084 | D:7      | Found a sparkling altar of Nemelex Xobeh.
  6183 | D:7      | Noticed Pikel
  6185 | D:7      | Noticed Joseph
  6271 | D:8      | Reached skill level 5 in Summonings
  6287 | D:8      | Noticed a komodo dragon
  6354 | D:8      | Killed a komodo dragon
  6355 | D:8      | Reached skill level 8 in Unarmed Combat
  6552 | D:8      | Identified the +0 scale mail of the Eggfruit {rN++ Str+3}
  6563 | D:8      | Got Sif Muna's Octavo of Rallying
  6697 | D:8      | Noticed a meliai
  6732 | D:8      | Identified the +1 robe "Bicaolik" {rF+ rC+}
  6769 | D:8      | Noticed a troll
  6782 | D:8      | Killed a troll
  6931 | D:8      | Found a staircase to the Lair.
  6968 | D:8      | Killed a meliai
  7315 | D:8      | Reached ** piety under Qazlal
  7316 | D:8      | Reached skill level 9 in Unarmed Combat
  7554 | D:8      | Noticed a two-headed ogre
  7564 | D:8      | Killed a two-headed ogre
  7597 | D:8      | Reached XP level 10. HP: 81/81 MP: 16/16
  7863 | D:8      | Found an opulent altar of Gozag.
  8126 | D:8      | Killed Pikel
  8191 | D:7      | Killed Joseph
  8192 | D:7      | Reached skill level 10 in Unarmed Combat
  8227 | D:7      | You fall into a shaft and drop 2 floors!
  8588 | D:7      | Found a snail-covered altar of Cheibriados.
  8696 | D:7      | Found a burning altar of Makhleb.
  8819 | D:6      | Killed pogojo's ghost
  9151 | D:9      | Found an ancient bone altar of Kikubaaqudgha.
  9151 | D:9      | Found a blossoming altar of Fedhas.
  9161 | D:9      | Noticed Erolcha
  9169 | Abyss:2  | Cast into level 2 of the Abyss (Erolcha)
  9174 | Abyss:2  | Found a corrupted altar of Lugonu.
  9204 | D:9      | Escaped the Abyss
  9242 | D:9      | Killed Erolcha
  9243 | D:9      | Reached skill level 11 in Unarmed Combat
  9982 | D:9      | Found a glowing silver altar of Zin.
  9982 | D:9      | Noticed an angel
 10055 | D:10     | Entered Level 10 of the Dungeon
 10090 | D:10     | Noticed an ogre mage
 10103 | D:10     | Killed an ogre mage
 10104 | D:10     | Reached skill level 10 in Summonings
 10104 | D:10     | Reached XP level 11. HP: 88/88 MP: 15/17
 10110 | D:10     | Noticed a skeletal warrior
 10401 | D:9      | Reached *** piety under Qazlal
 10550 | D:10     | Noticed a two-headed ogre
 10559 | D:10     | Noticed Lodul
 10563 | D:9      | Killed a two-headed ogre
 10641 | Lair:1   | Entered Level 1 of the Lair of Beasts
 10664 | Lair:1   | Reached skill level 12 in Unarmed Combat
 10889 | Lair:1   | Found a runed translucent gate.
 10889 | Lair:1   | Found a runed translucent gate.
 10889 | Lair:1   | Found a runed translucent gate.
 10890 | Lair:1   | Noticed Pepete's ghost (journeyman DrFE)
 10891 | Lair:1   | Noticed a death yak
 12640 | Lair:2   | Noticed a harpy
 12640 | Lair:2   | Noticed a harpy
 12642 | Lair:2   | Noticed a harpy
 12643 | Lair:2   | Noticed a harpy
 12651 | Lair:2   | Killed a harpy
 12652 | Lair:2   | Reached skill level 13 in Unarmed Combat
 12657 | Lair:2   | Killed a harpy
 12657 | Lair:2   | Killed a harpy
 12668 | Lair:2   | Killed a harpy
 12859 | Lair:2   | Found a staircase to the Shoals.
 13122 | Lair:2   | Noticed Amaemon
 13237 | Lair:3   | Reached XP level 12. HP: 10/94 MP: 14/18
 13242 | Lair:3   | HP: 4/94 [blink frog (7)]
 13249 | Lair:3   | Slain by a blink frog

Illustrated notes

Levels and vault maps discovered:
D:1:      dpeg_arrival_prison, layout_basic, serial_forest,
          infiniplex_forest_straight_2, infiniplex_forest_clump_cross,
          infiniplex_forest_end_1, infiniplex_forest_clump_C,
          infiniplex_forest_lined_room_, infiniplex_forest_lined_ring,
          infiniplex_forest_3_way
D:2:      layout_loops_corners
D:3:      layout_loops_ring, evilmike_ruin_ashenzari,
          mainiacjoe_overflow_brackets, shapermc_ecumenical_altar_venn,
          nrook_mini_backslash, nicolae_eternal_life
D:4:      layout_basic, trog_butcher_becter, nicolae_wu_jian_wuxing_cycle,
          minmay_temple_entry_steel_oval, uniq_ijyb, uniq_blork_the_orc
D:5:      layout_basic, kennysheep_generic_room_5, uniq_prince_ribbit1,
          uniq_duvessa
D:6:      layout_loops_cross, nicolae_hepliaklqana_monster_ancestors,
          amcnicky_altar_gilded, lemuel_coloured_pillars_altar,
          gammafunk_ghost_necromancy, nicolae_figureground_pulse, uniq_menkaure
D:7:      layout_rooms, cheibrodos_worm_habitat, nicolae_overflow_crystal_walls,
          makhleb_blood_cavern_becter, mainiacjoe_overflow_small_starburst,
          uniq_pikel, uniq_joseph
D:8:      layout_loops_corners, lemuel_crystal_altar, david_lair_shrubbed,
          minivault_10, kennysheep_island_fort
D:9:      layout_basic, grunt_temple_overflow_growth_and_decay, zin_angel,
          uniq_erolcha
D:10:     minmay_curly_fans, layout_gridville, led_sif_pool, uniq_sonja,
          uniq_lodul
Temple:   hellmonk_temple_micro_hex
Lair:1:   layout_cave_shapes, gammafunk_ghost_split, cheibrodos_lair_lostbears
Lair:2:   layout_regular_city, nicolae_shoals_entry_roost,
          minmay_stone_trees_small, uniq_amaemon
Lair:3:   cheibrodos_lair_river_kwai, layout_loops_ring,
          minmay_snake_entry_six_corridors, enter_volcano_4, minivault_19,
          beast_lair_carwin_9

Skill      XL: |  1  2  3  4  5  6  7  8  9 10 11 |
---------------+----------------------------------+-----
Fighting       | 2 3 4 5 |  5.2
Spellcasting   | 3 4 |  4.1
Transmutations | 3 4 5 6 |  6.0
Unarmed Combat | 4 5 7 9 11 13 | 13.3
Summonings     | 4 7 10 12 | 12.1
Dodging        | |  1.7

Action                     |  1- 3 |  4- 6 |  7- 9 | 10-12 || total
---------------------------+-------+-------+-------+-------++-------
  Melee: Unarmed           |   108 |   119 |   327 |   379 ||   933
         Kick              |    15 |    28 |    91 |   129 ||   263
         Headbutt          |     9 |    22 |    46 |    55 ||   132
         Tailslap          |     8 |    11 |    44 |    55 ||   118
         Punch             |     2 |     3 |    12 |    18 ||    35
  Throw: Dart              |       |       |       |     2 ||     2
   Cast: Beastly Appendage |    27 |    13 |    22 |    16 ||    78
         Wereblood         |     2 |     2 |    13 |    14 ||    31
         Call Imp          |       |       |    18 |    15 ||    33
 Invoke: Upheaval          |       |       |       |     1 ||     1
  Evoke: Wand              |       |       |     5 |     4 ||     9
    Use: Scroll            |     7 |     2 |     7 |    10 ||    26
         Potion            |     2 |     3 |     3 |    12 ||    20
   Stab: Sleeping          |     2 |     1 |       |       ||     3
         Distracted        |       |       |     1 |       ||     1
         Invisible         |       |       |     1 |       ||     1
 Armour: Skin              |    20 |    29 |   157 |   182 ||   388
  Dodge: Dodged            |    56 |    59 |   192 |   211 ||   518
         Repelled          |     1 |     1 |     4 |       ||     6
  Block: Other             |       |       |    14 |    60 ||    74
